 Dungeon Crawl Stone Soup version 0.31.0-9-g3a7656b989 (webtiles) character file.

Game seed: 11904560436218363351

243 qw the Shooter (level 5, 0/26 HPs)
             Began as a Spriggan Hunter on Feb 2, 2024.
             Slain by Pikel
             ... wielding a +1 whip of freezing
              (12 damage)
             ... on level 4 of the Dungeon.
             The game lasted 00:00:11 (2406 turns).

qw the Shooter (Spriggan Hunter)                    Turns: 2406, Time: 00:00:11

Health: 0/26       AC:  3    Str:  7    XL:     5   Next: 82%
Magic:  6/6        EV: 20    Int: 11    God:
Gold:   171        SH:  0    Dex: 20    Spells: 4/4 levels left

rFire   . . .        a - +0 shortbow
rCold   . . .        (shield currently unavailable)
rNeg    . . .        c - +0 robe
rPois   .            n - +1 hat
rElec   .            (no cloak)
rCorr   .            (gloves unavailable)
SInv    +            (boots unavailable)
Will    +....        (no amulet)
Stlth   ++           i - ring of willpower
HPRegen 0.24/turn    (no ring)
MPRegen 0.10/turn

%: no passive effects
@: hasted, very quick
A: very small, no large weapons, unfitting armour, see invisible, speed 3, horns
1, wild magic 1
a: no special abilities


You were on level 4 of the Dungeon.
You visited 1 branch of the dungeon, and saw 4 of its levels.

You collected 171 gold pieces.


Innate Abilities, Weirdness & Mutations

You are very small and have problems with some larger weapons.
You are too small for most types of armour.
You have supernaturally acute eyesight. (SInv)
You cover ground extremely quickly. (Speed+++)
You have a pair of small horns on your head.
Your spells are a little harder to cast, but a little more powerful.


   Skills:
 - Level 2.0 Fighting
 - Level 6.0 Ranged Weapons
 + Level 5.3 Dodging
 - Level 1.5 Stealth


You had 4 spell levels left.
You didn't know any spells.
Your spell library was empty.

Inventory:

Hand Weapons
 a - a +0 shortbow (weapon)
Armour
 c - a +0 robe (worn)
 n - a +1 hat (worn)
Jewellery
 i - a ring of willpower (left hand)
Scrolls
 m - a scroll of teleportation
Potions
 b - a potion of brilliance {unknown}
 d - a potion of curing
 e - a potion of lignification {unknown}
 f - a potion of degeneration {unknown}
 h - a potion of might {unknown}
 j - a potion of magic {unknown}
 k - a potion of mutation
 l - a potion of cancellation {unknown}
 o - a potion of attraction {unknown}
 p - a potion of resistance {unknown}

Dungeon Overview and Level Annotations

Branches:
Dungeon (4/15)
 Temple: D:4-7

Altars:

Annotations:
D:1 1 runed translucent door
D:3 3 runed translucent doors, qw's ghost, amateur DgHu
D:4 Pikel


Message History

Pikel is lightly wounded.
You shoot an arrow. The arrow closely misses Pikel.
The arrow hits the lemure.
The lemure is lightly wounded.
A lemure comes into view.
You shoot an arrow. The arrow barely misses Pikel.
The arrow closely misses the lemure.
The lemure shouts!
You shoot an arrow.
The arrow hits Pikel but does no damage.
Pikel is lightly wounded.
You shoot an arrow. The arrow closely misses Pikel.
The arrow closely misses the lemure.
The arrow barely misses the lemure.
The arrow hits the lemure.
The lemure is moderately wounded.
A kobold comes into view. It is wielding a +0 short sword.
You shoot an arrow. The kobold shouts!
The arrow hits Pikel.
Pikel is moderately wounded.
You shoot an arrow.
The arrow hits Pikel but does no damage.
Pikel is moderately wounded.
Pikel completely misses you.
You shoot an arrow. The arrow closely misses Pikel.
The arrow completely misses the lemure.
The arrow hits the lemure but does no damage.
Pikel hits you with a +1 whip of freezing.
Pikel freezes you.
You shoot an arrow. The arrow closely misses Pikel.
The arrow hits the lemure.
The lemure is moderately wounded.
You shoot an arrow. The arrow hits Pikel.
Pikel is moderately wounded.
Pikel hits you with a +1 whip of freezing.
Pikel freezes you.
You shoot an arrow.
The arrow hits Pikel but does no damage.
Pikel is moderately wounded.
Pikel hits you with a +1 whip of freezing!
You die...
Pikel says, "Another soul for the market."

.....#..#...#...#
#######...#.#...#
.............#####
#..>....(.........
...#.####..........
...#. #...#.#####
.. #. #..........
#.....#####...
#.....@K555K..
#.....#####...
#........)...#
.............####
.............#
..............#
###############


You could see Pikel, 3 lemures and a kobold.

Vanquished Creatures
  A howler monkey (D:3)
  7 gnolls
  5 adders
  5 dart slugs
  A ribbon worm (D:2)
  8 bats
  3 endoplasms
  4 giant cockroaches
  7 hobgoblins
  8 jackals
  2 quokkas (D:1)
  5 ball pythons
  2 frilled lizards
  12 goblins
  8 kobolds
  3 rats
81 creatures vanquished.

Notes
Turn   | Place    | Note
-------+----------+-------------------------------------------
     0 | D:1      | qw the Spriggan Hunter began the quest for the Orb.
     0 | D:1      | Reached XP level 1. HP: 10/10 MP: 2/2
     0 | D:1      | 0 ||| qw: Version: 0.3-a-155-g5e7d8dd
     0 | D:1      | 0 ||| qw: Game counter: 1074
     0 | D:1      | 0 ||| qw: Melee chars always use a shield: true
     0 | D:1      | 0 ||| qw: God list: Okawaru
     0 | D:1      | 0 ||| qw: Allow faded altars: false
     0 | D:1      | 0 ||| qw: Do Orc after clearing Dungeon:15 true
     0 | D:1      | 0 ||| qw: Do second Lair branch before Depths: true
     0 | D:1      | 0 ||| qw: Lair rune preference: random
     0 | D:1      | 0 ||| qw: Goals: Normal
     0 | D:1      | 0 ||| PLANNING D:1-11
     1 | D:1      | Found a runed translucent door.
    42 | D:1      | Reached skill level 3 in Dodging
   104 | D:1      | Reached XP level 2. HP: 14/14 MP: 3/3
   199 | D:1      | You fall into a shaft and drop 1 floor!
   261 | D:2      | 261 ||| READING scroll labelled CALATE NILALA.
   362 | D:2      | 362 ||| DROPPING scroll of butterflies.
   369 | D:2      | 369 ||| FLEEEEING.
   532 | D:1      | Reached XP level 3. HP: 18/18 MP: 4/4
   921 | D:1      | 921 ||| READING scroll labelled VIT JULIXIOT.
   926 | D:1      | 926 ||| READING scroll labelled TACZAE DIOCO.
  1082 | D:2      | Reached skill level 5 in Ranged Weapons
  1107 | D:2      | Reached XP level 4. HP: 22/22 MP: 5/5
  1254 | D:2      | HP: 3/22 [gnoll/+0 club (3)]
  1445 | D:2      | Reached XP level 5. HP: 26/26 MP: 6/6
  1575 | D:2      | 1575 ||| DROPPING ring of magical power.
  1576 | D:2      | 1576 ||| UPGRADING to ring of willpower.
  1577 | D:2      | 1577 ||| READING scroll labelled BOZULOISIL.
  1578 | D:2      | 1578 ||| READING 2 scrolls labelled CANIOWU COPIGY.
  1579 | D:2      | 1579 ||| DRINKING 2 black potions.
  1580 | D:2      | 1580 ||| DROPPING scroll of blinking.
  1867 | D:3      | Found a runed translucent gate.
  1867 | D:3      | Found a runed translucent gate.
  1867 | D:3      | Found a runed translucent gate.
  2156 | D:3      | Noticed qw's ghost (amateur DgHu)
  2297 | D:3      | 2297 ||| UPGRADING to +1 hat.
  2302 | D:3      | 2302 ||| READING scroll labelled ESSU XIULUATHU.
  2303 | D:3      | 2303 ||| READING scroll labelled QOUNUWKIBUA.
  2303 | D:3      | 2303 ||| IDENTIFYING bubbling cyan potion
  2304 | D:3      | 2304 ||| DRINKING 2 clear potions.
  2304 | D:3      | Gained mutation: You have a pair of small horns on your
                  | head. [potion of mutation]
  2304 | D:3      | Gained mutation: Your spells are a little harder to cast,
                  | but a little more powerful. [potion of mutation]
  2315 | D:4      | 2315 ||| STAIRDANCE
  2324 | D:4      | 2324 ||| STAIRDANCE
  2328 | D:3      | Reached skill level 6 in Ranged Weapons
  2392 | D:4      | Noticed Pikel
  2392 | D:4      | Noticed a lemure
  2393 | D:4      | 2393 ||| DRINKING potion of haste.
  2394 | D:4      | Noticed a lemure
  2394 | D:4      | Noticed a lemure
  2397 | D:4      | Noticed a lemure
  2406 | D:4      | Slain by Pikel

Levels and vault maps discovered:
D:1:      dpeg_arrival_caged_fury, layout_basic, minmay_pentomino_o2
D:2:      layout_basic, eino_tiny_chamber, guppyfry_early_lair_pool
D:3:      layout_basic, gammafunk_ghost_nasty_kobolds,
          chequers_serial_rivers_marsh
D:4:      layout_basic, grunt_temple_overflow_order_and_chaos_2,
          grunt_ministairs_10, nicolae_twisty_statue_hallways, uniq_sigmund,
          uniq_pikel, uniq_menkaure

Skill      XL: |  1  2  3  4  5 |
---------------+----------------+-----
Dodging        | 3 4 5 |  5.3
Ranged Weapons | 5 6 |  6.0
Fighting       | 2 |  2.0
Stealth        | |  1.5

Action                     |  1- 3 |  4- 6 || total
---------------------------+-------+-------++-------
   Fire: Shortbow          |    82 |   137 ||   219
    Use: Scroll            |     3 |     4 ||     7
         Potion            |       |     3 ||     3
 Armour: Robe              |     5 |    16 ||    21
  Dodge: Dodged            |    17 |    63 ||    80

Table legend:
 A = Non-vault XP
 B = Vault XP
 C = Vault XP percentage of total XP
 D = Non-vault monster count
 E = Vault monster count
 F = Vault count percentage of total count
                 A         B        C        D         E       F
            +---------+---------+-------+---------+---------+-------
      Total |     344 |       4 |   1.1 |      79 |       2 |   2.5
            +---------+---------+-------+---------+---------+-------
        D:1 |      38 |       4 |   9.5 |      21 |       2 |   8.7
        D:2 |     165 |       0 |   0.0 |      36 |       0 |   0.0
        D:3 |     116 |       0 |   0.0 |      17 |       0 |   0.0
        D:4 |      25 |       0 |   0.0 |       5 |       0 |   0.0
            +---------+---------+-------+---------+---------+-------
